 Dungeon Crawl Stone Soup version 0.29.1-12-g30fa7ad0bf (webtiles) character file.

Game seed: 16561803389411695771

703 venomsnake the Conjurer (level 7, 0/36 HPs)
             Began as a Deep Elf Conjurer on Dec 26, 2022.
             Slain by an orc
             ... wielding a +0 short sword
              (1 damage)
             ... on level 6 of the Dungeon.
             The game lasted 00:10:18 (5314 turns).

venomsnake the Conjurer (Deep Elf Conjurer)         Turns: 5314, Time: 00:10:20

Health: 0/36       AC:  3    Str:  4    XL:     7   Next: 39%
Magic:  0/18       EV: 12    Int: 25    God:
Gold:   219        SH:  0    Dex: 13    Spells: 15/18 levels left

rFire   . . .      SeeInvis .   (no weapon)
rCold   . . .      Faith    .   (no shield)
rNeg    . . .      Spirit   +   a - +0 robe
rPois   .          Reflect  .   (no helmet)
rElec   .          Harm     .   (no cloak)
rCorr   .          Rampage  .   g - +0 pair of gloves
Will    .....                   (no boots)
Stlth   ++........              v - amulet of guardian spirit
HPRegen 0.12/turn               (no ring)
MPRegen 0.16/turn               (no ring)

@: no status effects
A: no striking features
a: no special abilities


You were on level 6 of the Dungeon.
You visited 1 branch of the dungeon, and saw 6 of its levels.

You collected 219 gold pieces.

Inventory:

Armour
 a - a +0 robe (worn)
 g - a +0 pair of gloves (worn)
Jewellery
 i - an amulet of faith
 v - an amulet of guardian spirit (around neck)
Wands
 b - a wand of mindburst (8)
 k - a wand of paralysis (8)
Scrolls
 c - a scroll of enchant weapon {unknown}
 d - 8 scrolls of identify {unknown}
 f - a scroll of noise {unknown}
 h - 2 scrolls of teleportation {unknown}
 l - a scroll of fog {unknown}
 m - a scroll of fear {unknown}
 p - a scroll of enchant armour {unknown}
 s - a scroll of brand weapon {unknown}
Potions
 e - 2 potions of haste {unknown}
 j - 2 potions of flight {unknown}
 n - a potion of degeneration {unknown}
 o - 2 potions of heal wounds {unknown}
 q - 3 potions of curing {unknown}
 r - 2 potions of mutation {unknown}
 t - a potion of lignification {unknown}
 u - a potion of berserk rage {unknown}


   Skills:
 - Level 2.4 Dodging
 - Level 2.4 Stealth
 + Level 6.1 Spellcasting
 * Level 7.8 Conjurations
 - Level 4.0 Translocations


You had 15 spell levels left.
You knew the following spells:

 Your Spells              Type           Power      Damage    Failure   Level
a - Magic Dart            Conj           100%       1d8       1%          1
b - Searing Ray           Conj           92%        2d7       1%          2

Your spell library contained the following spells:

 Spells                   Type           Power      Damage    Failure   Level
 Dazzling Flash           Conj/Hex       54%        N/A       4%          3
 Stone Arrow              Conj/Erth      54%        3d10      4%          3
 Iskenderun's Mystic Bla  Conj/Tloc      37%        2d9       6%          4
 Portal Projectile        Hex/Tloc       34%        N/A       10%         3
 Fulminant Prism          Conj/Hex       13%        3d9       14%         4
 Tukima's Dance           Hex            7%         N/A       22%         3
 Animate Armour           Summ/Erth      14%        N/A       58%         4
 Blade Hands              Tmut           3%         N/A       90%         5
 Lehudib's Crystal Spear  Conj/Erth      13%        10d5      100%        8


Dungeon Overview and Level Annotations

Branches:
Dungeon (7/15)             Temple (0/1) D:4

Altars:

Shops:
D:2 !


Message History

Press: ? - help, Shift-Dir - straight line, f/p - ogre
Aim: an ogre, wielding a +0 giant club (severely wounded, 91% to hit)
The searing ray hits the ogre!
The ogre is almost dead. (Press . to maintain the ray.)
The orc misses you.
The ogre hits you with a +0 giant club!!
Ouch! That really hurt!
* * * LOW HITPOINT WARNING * * *
Casting: Searing Ray (safe; 1% risk of failure)
Confirm with . or Enter, or press ? or * to list all spells.
Restarting spell: Searing Ray (safe; 1% risk of failure)
Press: ? - help, Shift-Dir - straight line, f/p - ogre
Aim: an ogre, wielding a +0 giant club (almost dead, 91% to hit)
The searing ray hits the ogre.
You kill the ogre! (Press . to maintain the ray.)
The orc hits you but does no damage.
Your Spellcasting skill increases to level 6!
Casting: Searing Ray (safe; 1% risk of failure)
Confirm with . or Enter, or press ? or * to list all spells.
You don't have enough magic to cast this spell.
Unknown command.
Casting: Searing Ray (safe; 1% risk of failure)
Confirm with . or Enter, or press ? or * to list all spells.
You don't have enough magic to cast this spell.
The orc hits you with a +0 short sword.
* * * LOW HITPOINT WARNING * * *
The orc attacks as you move away! The orc hits you with a +0 short sword.
* * * LOW HITPOINT WARNING * * *
Casting: Searing Ray (safe; 1% risk of failure)
Confirm with . or Enter, or press ? or * to list all spells.
Aiming: Magic Dart (safe; 1% risk of failure)
Press: ? - help, Shift-Dir - straight line, f - orc
Aim: an orc, wielding a +0 short sword and wearing a +0 robe (100% to hit)
The magic dart hits the orc.
The orc is almost dead.
The orc hits you but does no damage. The orc attacks as you move away!
The orc hits you with a +0 short sword.
You die...

......+..'.....#.................
......#..#.....#.................
......#######..#..†..............
#############..##+#....##'#######
#..............#....#........#
#..............#....#........#
######'#######+#....##'#######
#...........................
#.........o@................
#.......)...................
######....)..)...................
.......##'##'################....
.......#......# #....
.......#......' #....
.......#†...###. #....
..######....# .# ##### ..# .....#
.


You could see an orc.

Vanquished Creatures
  A sky beast (D:6)
  A centaur (D:4)
  2 ogres
  A phantom (D:4)
  A scorpion (D:6)
  A hound (D:6)
  Jessica (D:3)
  Ijyb (D:3)
  6 adders
  3 worms
  A dart slug (D:4)
  6 orcs
  2 ball pythons (D:4)
  5 endoplasms
  5 giant cockroaches
  14 goblins
  2 hobgoblins
  6 jackals
  3 quokkas
  5 bats
  A frilled lizard (D:1)
  9 kobolds
  4 rats
81 creatures vanquished.

Notes
Turn   | Place    | Note
-------+----------+-------------------------------------------
     0 | D:1      | venomsnake the Deep Elf Conjurer began the quest for the
                  | Orb.
     0 | D:1      | Reached XP level 1. HP: 10/10 MP: 6/6
   336 | D:1      | Reached XP level 2. HP: 15/15 MP: 6/8
   362 | D:1      | Learned a level 2 spell: Searing Ray
   902 | D:1      | Reached skill level 1 in Translocations
  1305 | D:2      | Found Fedau's Distillery.
  1645 | D:2      | Reached skill level 5 in Conjurations
  1774 | D:2      | Reached XP level 3. HP: 19/19 MP: 7/10
  2214 | D:2      | Found a faded altar of an unknown god.
  2350 | D:3      | Noticed Jessica
  2359 | D:3      | Killed Jessica
  2360 | D:3      | Reached XP level 4. HP: 12/24 MP: 4/12
  2733 | D:3      | Noticed Ijyb
  2750 | D:3      | Killed Ijyb
  3378 | D:3      | Reached XP level 5. HP: 27/28 MP: 10/13
  3717 | D:4      | Noticed an ogre
  3741 | D:4      | Killed an ogre
  3742 | D:4      | Reached skill level 6 in Conjurations
  3862 | D:4      | Noticed a phantom
  3871 | D:4      | Killed a phantom
  3872 | D:4      | Reached skill level 5 in Spellcasting
  3872 | D:4      | Reached XP level 6. HP: 26/32 MP: 2/15
  3968 | D:4      | Found a staircase to the Ecumenical Temple.
  4849 | D:4      | You fall into a shaft and drop 3 floors!
  4886 | D:6      | Reached skill level 7 in Conjurations
  5115 | D:6      | Reached XP level 7. HP: 36/36 MP: 11/17
  5310 | D:6      | HP: 1/36 [orc/+0 short sword (4)]
  5314 | D:6      | Slain by an orc

Illustrated notes

Levels and vault maps discovered:
D:1:      scummos_arrival_simple_crosswalls, layout_basic,
          minmay_split_cup_small
D:2:      layout_basic, serial_shops, nicolae_shop_hallway_plus,
          hellmonk_ecumenical_altar_heavens_door,
          minmay_fractal_squares_gapless_5
D:3:      kennysheep_goblin_castle, layout_basic, gup_sewer_entry_spiral,
          uniq_jessica
D:4:      layout_basic, minmay_temple_entry_slanted, minmay_misc_feat_five,
          grunt_ministairs_13
D:6:      layout_gridville
D:7:      nicolae_cairo_tiling_large, layout_cave_pools, serial_column_ruins,
          column_ruins_hut_ruined, column_ruins_grid_3, column_ruins_grid_1,
          column_ruins_corridor_corner, column_ruins_open_medium,
          column_ruins_open_small, nicolae_concentric_dashed_squares_wild

Skill      XL: |  1  2  3  4  5  6  7 |
---------------+----------------------+-----
Translocations | 1 2 3 4 |  4.0
Conjurations   | 5 6 7 |  7.8
Spellcasting   | 4 5 6 |  6.1
Dodging        | |  2.4
Stealth        | |  2.4

Action                   |  1- 3 |  4- 6 |  7- 9 || total
-------------------------+-------+-------+-------++-------
 Cast: Magic Dart        |    79 |   105 |     7 ||   191
       Searing Ray       |     4 |    20 |     8 ||    32
  Use: Potion            |       |     1 |       ||     1
Armor: Robe              |     4 |     9 |     4 ||    17
Dodge: Dodged            |     8 |    35 |     8 ||    51
